 Dungeon Crawl Stone Soup version 0.25-a0-583-g696c2ac64d (webtiles) character file.

Game seed: 11951462789740554667, levelgen mode: deterministic

480 DerDa the Chiller (level 6, -1/46 HPs)
             Began as a Demonspawn Ice Elementalist on Mar 8, 2020.
             Slain by an ogre
             ... wielding a +0 giant spiked club
              (9 damage)
             ... on level 4 of the Dungeon.
             The game lasted 00:11:25 (4040 turns).

DerDa the Chiller (Demonspawn Ice Elementalist)     Turns: 4040, Time: 00:11:26

Health: -1/46      AC:  8    Str:  8    XL:     6   Next: 86%
Magic:  2/12       EV: 13    Int: 19    God:
Gold:   177        SH:  0    Dex: 13    Spells: 2/13 levels left

rFire    . . .     SeeInvis .   d - +0 club
rCold    . . .     Gourm    .   (no shield)
rNeg     . . .     Faith    .   a - +0 robe
rPois    .         Spirit   .   (no helmet)
rElec    .         Reflect  .   (no cloak)
rCorr    .         Harm     .   (no gloves)
MR       +....                  (no boots)
Stlth    ++........             (no amulet)
HPRegen  0.15/turn              k - ring of protection from magic
MPRegen  0.13/turn              (no ring)

@: icy armour, very slightly contaminated
A: claws 2
a: no special abilities


You were on level 4 of the Dungeon.
You were very hungry.

You visited 1 branch of the dungeon, and saw 4 of its levels.

You collected 177 gold pieces.

Inventory:

Hand Weapons
 d - a +0 club (weapon)
Missiles
 f - 154 stones
 i - 20 poisoned darts (quivered)
 l - 56 sling bullets
Armour
 a - a +0 robe (worn)
Jewellery
 k - a ring of protection from magic (left claw)
Wands
 b - a wand of digging (7)
Scrolls
 e - 2 scrolls of immolation
 g - 2 scrolls of magic mapping
 m - a scroll of blinking
 o - a scroll of fear
 p - a scroll of amnesia {unknown}
 r - a scroll of remove curse {unknown}
 s - 2 scrolls of teleportation {unknown}
 u - a scroll of enchant armour {unknown}
Potions
 h - 3 potions of stabbing {unknown}
 j - 2 potions of cancellation {unknown}
 n - 3 potions of resistance {unknown}
 q - 2 potions of curing {unknown}
 t - 2 potions of invisibility {unknown}
 v - a potion of heal wounds {unknown}
 w - a potion of degeneration {unknown}
Comestibles
 c - 10 rations


   Skills:
 + Level 2.6 Fighting
 + Level 3.1 Dodging
 - Level 1.7 Stealth
 * Level 4.1 Spellcasting
 * Level 1.1 Summonings
 * Level 5.1 Ice Magic
 + Level 0.5 Evocations


You had 2 spell levels left.
You knew the following spells:

 Your Spells              Type           Power        Failure   Level  Hunger
a - Freeze                Ice            ###.         1%          1    None
b - Frozen Ramparts       Ice            ###...       4%          3    ###....
c - Ozocubu's Armour      Chrm/Ice       ##......     14%         3    ###....
d - Summon Ice Beast      Ice/Summ       ###.....     36%         4    ####...

Your spell library contained the following spells:

 Spells                   Type           Power        Failure   Level  Hunger
 Hailstorm                Conj/Ice       ##......     43%         4    ####...


Dungeon Overview and Level Annotations

Branches:
Dungeon (4/15)
 Temple: D:4-7

Altars:
Ashenzari
Makhleb
Ru


Innate Abilities, Weirdness & Mutations

You have very sharp fingernails.


Message History

Confirm with . or Enter, or press ? or * to list all spells.
A film of ice covers your body!
Casting: Ozocubu's Armour (safe; 14% risk of failure)
Confirm with . or Enter, or press ? or * to list all spells.
Aiming: Freeze (safe; 1% risk of failure)
Press: ? - help, Shift-Dir - straight line, f/p - ogre
Aim: an ogre, wielding a +0 giant spiked club (moderately wounded)
You freeze the ogre.
The ogre is heavily wounded.
The ogre hits you with a +0 giant spiked club!
* * * LOW HITPOINT WARNING * * *
Casting: Freeze (safe; 1% risk of failure)
Confirm with . or Enter, or press ? or * to list all spells.
Aiming: Freeze (safe; 1% risk of failure)
Press: ? - help, Shift-Dir - straight line, f/p - ogre
Aim: an ogre, wielding a +0 giant spiked club (heavily wounded)
You freeze the ogre!
The ogre is almost dead.
The ogre hits you with a +0 giant spiked club!
You die...

.# .# # #.[ .# #.
#.######## .#
#.##.#......# .#
.....(..###.# .#
.....#..# #.# .#
####.#..###.# ####.####
#........# #.@O....#
####.#####..# #$#####.#
#......≈.#..# #.# #
.......≈.#..# #.# .#
<....#.≈.#..# #.# ..##
.....##≈##..###.###....##
......#≈#....##......_...
......# #.......####....#
......# #.#..##.# ..#


You could see an ogre.

Vanquished Creatures
  2 ogres (D:4)
  A hound (D:4)
  An iguana (D:4)
  3 worker ants
  4 gnolls (D:3)
  4 adders (D:2)
  An ooze (D:2)
  5 worms
  2 dart slugs (D:2)
  6 leopard geckos
  2 orcs
  3 giant cockroaches
  13 goblins
  7 hobgoblins
  7 jackals
  9 kobolds
  2 quokkas
  A ball python (D:1)
  6 bats
  5 frilled lizards
  A quokka skeleton (D:4)
  8 rats
93 creatures vanquished.

Notes
Turn   | Place    | Note
-------+----------+-------------------------------------------
     0 | D:1      | DerDa the Demonspawn Ice Elementalist began the quest for
                  | the Orb.
     0 | D:1      | Reached XP level 1. HP: 13/13 MP: 3/3
   232 | D:1      | Gained mutation: You have sharp fingernails. [demonic
                  | ancestry]
   232 | D:1      | Reached XP level 2. HP: 13/20 MP: 3/5
   611 | D:1      | You fall into a shaft and drop 1 floor!
   912 | D:2      | Found a shattered altar of Ashenzari.
   928 | D:2      | Reached skill level 1 in Fighting
   928 | D:2      | Reached XP level 3. HP: 25/26 MP: 0/6
  1055 | D:2      | Reached skill level 4 in Ice Magic
  1461 | D:2      | Reached XP level 4. HP: 17/32 MP: 5/8
  1988 | D:2      | Learned a level 3 spell: Frozen Ramparts
  1992 | D:2      | Learned a level 3 spell: Ozocubu's Armour
  2378 | D:3      | Reached XP level 5. HP: 35/37 MP: 3/9
  3611 | D:4      | Found a sacrificial altar of Ru.
  3663 | D:4      | Noticed an ogre
  3672 | D:4      | Killed an ogre
  3672 | D:4      | Gained mutation: You have very sharp fingernails. [demonic
                  | ancestry]
  3672 | D:4      | Reached XP level 6. HP: 34/45 MP: 7/11
  3694 | D:4      | Learned a level 4 spell: Summon Ice Beast
  3780 | D:4      | Reached skill level 5 in Ice Magic
  3783 | D:4      | Reached skill level 1 in Summonings
  4017 | D:4      | Found a burning altar of Makhleb.
  4040 | D:4      | Slain by an ogre

Levels and vault maps discovered:
D:1:      dpeg_arrival_tiny_d, layout_loops_ring
D:2:      layout_loops_corners, ashenzari_conservatory_becter,
          minmay_hexomino_p4
D:3:      layout_basic
D:4:      layout_loops_ring, nicolae_overflow_crystal_walls,
          nicolae_ru_the_path_less_chosen, serial_rivers,
          chequers_serial_rivers_micro_a, chequers_serial_rivers_micro_b,
          chequers_serial_rivers_marsh, chequers_serial_rivers_room_a

Skill      XL: |  1  2  3  4  5  6 |
---------------+-------------------+-----
Dodging        | 2 3 |  3.1
Fighting       | 1 2 |  2.6
Ice Magic      | 4 5 |  5.1
Spellcasting   | 3 4 |  4.1
Summonings     | 1 |  1.1
Stealth        | |  1.7
Evocations     | |  0.5

Action                   |  1- 3 |  4- 6 || total
-------------------------+-------+-------++-------
Melee: Club              |    38 |    22 ||    60
Throw: Dart              |    13 |    44 ||    57
 Cast: Freeze            |    52 |   107 ||   159
       Ozocubu's Armour  |       |     4 ||     4
  Use: Scroll            |       |     4 ||     4
  Eat: Chunk             |     2 |     7 ||     9
Armor: Robe              |    14 |    16 ||    30
Dodge: Dodged            |    65 |    72 ||   137

Table legend:
 A = Non-vault XP
 B = Vault XP
 C = Vault XP percentage of total XP
 D = Non-vault monster count
 E = Vault monster count
 F = Vault count percentage of total count
                 A         B        C        D         E       F
            +---------+---------+-------+---------+---------+-------
      Total |     681 |       5 |   0.7 |      90 |       3 |   3.2
            +---------+---------+-------+---------+---------+-------
        D:1 |      37 |       0 |   0.0 |      21 |       0 |   0.0
        D:2 |     146 |       5 |   3.3 |      28 |       3 |   9.7
        D:3 |     100 |       0 |   0.0 |      28 |       0 |   0.0
        D:4 |     398 |       0 |   0.0 |      13 |       0 |   0.0
            +---------+---------+-------+---------+---------+-------
